 Dungeon Crawl Stone Soup version 0.14-a0-3295-g3fd807f (webtiles) character file.

107267 Kae the Executioner (level 16, -1/138 (141) HPs)
             Began as a Hill Orc Fighter on Mar 14, 2014.
             Was the Champion of Okawaru.
             Killed from afar by a bog body (26 damage)
             ... with a bolt of cold
             ... on Level 1 of the Swamp.
             The game lasted 01:17:57 (35401 turns).

Kae the Executioner (Hill Orc Fighter)             Turns: 35401, Time: 01:17:57

HP  -1/138 (141) AC 16     Str 32      XL: 16   Next: 38%
MP  30/30        EV  9     Int 12      God: Okawaru [******]
Gold 3070        SH  0     Dex 11      Spells:  4 memorised,  8 levels left

rFire  + . .     SeeInvis .     a - +10,+8 battleaxe of Indomitability {speed, Int+4}
rCold  . . .     Clarity  +     I - +2 scale mail {rF+}
rNeg   . . .     Conserve .     (no shield)
rPois  .         rCorr    .     (helmet restricted)
rElec  .         rRot     .     X - +0 cloak
SustAb . .       Spirit   .     o - +1 pair of gloves
rMut   .         Warding  .     T - +0 pair of boots of Quantum Leap {Str+2 Dex-2}
Saprov + . .     Stasis   .     e - amulet "Itonol" {Clar Dex+3}
MR     ++...                    R - ring of protection from magic
                                C - +4 ring of strength

@: drained, very resistant to hostile enchantments, extremely unstealthy
A: antennae 1, saprovore 1
a: Heroism, Finesse, Renounce Religion


You were on level 1 of the Swamp.
You worshipped Okawaru.
Okawaru was exalted by your worship.
You were not hungry.

You visited 5 branches of the dungeon, and saw 29 of its levels.
You also visited: Labyrinth, Sewer, Ossuary and Ice Cave.

You collected 3086 gold pieces.
You spent 16 gold pieces at shops.

Inventory:

Hand weapons
 a - the +10,+8 battleaxe of Indomitability (weapon) {speed, Int+4}
   (You found it on level 3 of the Lair of Beasts)

   Attacks with this weapon are significantly faster.
   It affects your intelligence (+4).
 b - the +6,+1 executioner's axe of the Shore {chop, rPois rF+}
   (Okawaru gifted it to you on level 11 of the Dungeon)

   It inflicts extra damage upon your enemies.
   It protects you from fire.
   It protects you from poison.
Missiles
 u - 23 darts (quivered)
Armour
 o - a +1 pair of gloves (worn)
 I - a +2 scale mail of fire resistance (worn)
 T - the +0 pair of boots of Quantum Leap (worn) {Str+2 Dex-2}
   (You found it on level 9 of the Dungeon)

   It affects your strength (+2).
   It affects your dexterity (-2).
 X - a +0 cloak (worn)
Magical devices
 d - a wand of teleportation (2)
 p - a wand of digging (12)
 y - a wand of magic darts (11)
 H - a wand of fireball (1)
 M - a wand of digging (15)
 O - a wand of cold (7)
Comestibles
 h - a meat ration
 k - 2 chunks of giant leech flesh
 z - 3 chokos
Scrolls
 f - 3 scrolls of identify
 j - 4 scrolls of fear
 l - 3 scrolls of teleportation
 x - 3 scrolls of remove curse
 K - 4 scrolls of fog
Jewellery
 e - the amulet "Itonol" (around neck) {Clar Dex+3}
   (You found it on level 4 of the Lair of Beasts)

   [amulet of clarity]

   It affects your dexterity (+3).
 C - a +4 ring of strength (left hand)
 D - an uncursed amulet of warding
 R - a ring of protection from magic (right hand)
 V - the ring of the Sky {EV+3 Int+3}
   (You found it on level 9 of the Dungeon)

   [ring of evasion]

   It affects your evasion (+3).
   It affects your intelligence (+3).
 Y - an uncursed ring of protection from fire
Potions
 c - 4 potions of resistance
 g - a potion of flight
 i - 2 potions of agility
 m - 2 potions of might
 n - a potion of invisibility
 r - 6 potions of curing
 v - a potion of heal wounds
 A - 3 potions of restore abilities
 E - 2 potions of haste
 L - a potion of cure mutation
 S - a potion of berserk rage


   Skills:
 * Level 12.4(11.7) Fighting
 - Level 24.6(23.7) Axes
 * Level 11.6(10.9) Armour
 + Level 1.1(0.6) Dodging
   Level 3.2(2.6) Shields
 - Level 11.1(10.4) Invocations
 - Level 10.7(10.0) Evocations


You had 8 spell levels left.
You knew the following spells:

 Your Spells              Type           Power        Failure   Level  Hunger
a - Apportation           Tloc           #.........   38%         1    ##.....
b - Blink                 Tloc           N/A          65%         2    ###....
c - Swiftness             Chrm/Air       #.......     65%         2    ###....
d - Repel Missiles        Chrm/Air       #.....       65%         2    ###....


Dungeon Overview and Level Annotations

Branches:
Dungeon (15/15)            Temple (1/1) D:5             Orc (4/4) D:10
    Elf (0/3) Orc:3          Lair (8/8) D:11          Swamp (1/5) Lair:3
 Spider (0/5) Lair:4        Slime (0/6) Lair:8       Vaults (0/5) D:14
 Depths (0/5) D:15

Altars:
Ashenzari
Cheibriados
Elyvilon
Fedhas
Makhleb
Nemelex Xobeh
Okawaru
Sif Muna
Trog
Vehumet
Xom
Yredelemnul
Zin
The Shining One
Beogh

Shops:
D:4 *   D:11 [   Orc:2 *   Orc:4 (?=?*


Innate Abilities, Weirdness & Mutations

You can tolerate rotten meat.
You have a pair of small antennae on your head.


Message History

Unknown command.
You slice one of the three-headed hydra zombie's heads off!
You slash the two-headed hydra zombie! You slice the komodo dragon zombie!!
You destroy the komodo dragon zombie!
Okawaru accepts your kill. The necromancer casts a spell at you.
The bolt of negative energy hits you!
You feel drained.
* * * LOW HITPOINT WARNING * * *
Unknown command.
Drink which item? (? for menu, Esc to quit)
You feel much better.
Your surroundings suddenly seem different.
Found 24 arrows and a robe.
A bog body comes into view.
The bog body begins to rapidly decay!
The bog body's decay slows.
The bog body gestures at you while chanting.
The bolt of cold hits you!
One of your 2 potions of berserk rage freezes and shatters!
You die...

≈..≈≈≈..
♣..≈.≈..≈≈.
♣.♣≈≈≈≈
♣[≈≈≈..≈≈≈.≈
..≈≈...
♣.♣≈≈≈≈≈≈≈≈≈≈
≈≈≈.≈≈§
.♣♣.≈≈..(≈≈≈≈..≈
...≈≈≈≈
......≈♣≈≈≈≈.≈§§
.≈≈.≈≈
≈..♣.≈≈.≈≈≈♣..♣≈≈
.≈≈≈..
..≈≈.≈≈....≈≈≈≈≈≈.
≈..≈..
.§≈≈≈.n≈≈.≈≈.♣♣.≈
≈♣≈≈.
≈..≈≈...@≈≈...♣
..≈≈
≈...≈.≈≈♣≈≈.♣.≈≈≈
.≈≈ .....≈≈≈≈♣.♣
... .≈
♣..≈≈...≈≈... .
≈.≈...♣.≈≈≈≈.≈♣
....≈≈.≈♣≈≈.≈
≈≈≈≈≈.≈≈≈.≈ ≈≈.
≈.... ≈


You could see a bog body.

Vanquished Creatures
  A frost giant (IceCv)
  Maud (D:14)
  Gastronok (Orc:4)
  The ghost of TZer0 the Eclecticist, a powerful HEWz of Vehumet (Orc:3)
  2 vault guards (D:14)
  A minotaur (Lab)
  A fire dragon (Lair:8)
  5 hydras
  Harold (Lair:7)
  A rakshasa (D:15)
  8 ogre magi
  2 tengu warriors (D:14)
  6 death yaks (Lair:8)
  Urug (D:13)
  A catoblepas (Lair:3)
  2 centaur warriors
  8 hill giants
  An ice statue (IceCv)
  An unseen horror (D:14)
  Pikel (D:7)
  5 orc knights
  2 lindwurms (Lair:8)
  A manticore (D:15)
  2 orc sorcerers
  A griffon (Lair:2)
  3 cyclopes
  A guardian serpent (shapeshifter) (D:15)
  19 elephants
  3 naga magi (D:15)
  5 black mambas
  A centaur zombie (D:12)
  A feature mimic (D:14)
  7 spiny frogs
  A kobold demonologist (D:12)
  4 fire drakes
  3 trolls
  3 giant fireflies (Lair:8)
  9 komodo dragons
  A spriggan druid (Lair:4)
  An efreet (D:15)
  20 two-headed ogres
  15 polar bears (IceCv)
  3 giant leeches
  Sonja (D:13)
  A hydra zombie (Swamp:1)
  A raven (D:14)
  5 blink frogs (Lair:4)
  4 brown oozes (Lair:8)
  5 trapdoor spiders
  2 grizzly bears
  65 yaks
  4 basilisks
  A hill giant zombie (D:13)
  A human (D:14)
  A wyvern (D:8)
  A vampire (D:14)
  A wraith (D:10)
  6 elephant slugs (Lair:8)
  3 hippogriffs
  19 ugly things
  3 gargoyles
  31 wolves
  3 vampire mosquitoes (Swamp:1)
  A soldier ant (D:12)
  2 wargs (D:11)
  A hill giant skeleton (D:15)
  3 hungry ghosts
  Edmund (D:7)
  17 water moccasins
  3 mottled dragons
  3 swamp worms (Swamp:1)
  8 porcupines
  A tengu skeleton (D:12)
  13 orc warriors
  2 swamp drakes
  A black bear (shapeshifter) (D:15)
  3 phantoms
  A manticore zombie (D:15)
  A yellow wasp (D:11)
  10 ice beasts
  A sky beast (D:15)
  A giant goldfish (Swamp:1)
  A black bear (Lair:4)
  2 swamp dragon zombies (Swamp:1)
  12 centaurs
  A manticore skeleton (D:6)
  6 big kobolds
  8 crocodiles
  4 slaves (D:7)
  A komodo dragon zombie (Swamp:1)
  An elf zombie (Ossuary)
  40 ogres
  A gnoll sergeant (D:10)
  14 giant slugs
  4 brain worms
  21 giant frogs
  A komodo dragon skeleton (D:15)
  4 scorpions
  11 killer bees
  A hippogriff skeleton (D:11)
  3 wights (D:9)
  4 goliath beetles
  A quasit (D:13)
  5 crimson imps
  8 jellies
  An elf skeleton (D:13)
  A gnoll shaman (D:5)
  25 orc priests
  12 hounds
  31 orc wizards
  10 iguanas
  13 worker ants
  16 sheep
  A big kobold zombie (Ossuary)
  A crocodile skeleton (D:10)
  Terence (D:3)
  4 mummies (Ossuary)
  26 adders
  23 gnolls
  31 green rats
  An inept feature mimic (D:7)
  2 goliath beetle zombies
  4 giant mites
  2 shadow imps
  26 worms
  3 adder zombies (Ossuary)
  An iguana zombie (D:8)
  2 adder skeletons
  2 giant eyeballs
  6 giant geckos
  5 oozes (D:8)
  161 orcs
  8 ball pythons
  5 giant cockroaches
  2 gnoll zombies (Ossuary)
  23 goblins
  23 hobgoblins
  15 bats
  2 giant newts
  A giant spore (D:14)
  A goblin zombie (Ossuary)
  A hobgoblin skeleton (D:4)
  32 jackals
  A jackal zombie (Ossuary)
  60 kobolds
  3 orc skeletons
  4 orc zombies
  22 quokkas
  A quokka skeleton (D:7)
  24 rats
  A rat zombie (Ossuary)
  9 ballistomycetes
  6 fungi
  19 plants
1216 creatures vanquished.

Vanquished Creatures (others)
  A wyvern (D:9)
  A hippogriff (D:9)
  A giant frog (D:13)
  A giant spore (D:9)
  30 fungi
  6 plants (Lair:8)
40 creatures vanquished.

Grand Total: 1256 creatures vanquished

Notes
Turn   | Place    | Note
--------------------------------------------------------------
     0 | D:1      | Kae, the Hill Orc Fighter, began the quest for the Orb.
     0 | D:1      | Reached XP level 1. HP: 19/19 MP: 1/1
   166 | D:1      | Reached XP level 2. HP: 21/26 MP: 2/2
   506 | D:2      | Reached skill level 4 in Axes
   706 | D:2      | Reached XP level 3. HP: 27/31 MP: 3/3
   873 | D:2      | Reached skill level 5 in Axes
   950 | D:2      | Found a glowing golden altar of the Shining One.
  1269 | D:2      | Reached XP level 4. HP: 39/39 MP: 4/4
  1440 | D:3      | Found a radiant altar of Vehumet.
  1706 | D:3      | Reached skill level 6 in Axes
  1775 | D:3      | Reached XP level 5. HP: 43/45 MP: 5/5
  1833 | D:3      | Noticed Terence
  1840 | D:3      | Killed Terence
  1840 | D:3      | Reached skill level 7 in Axes
  2567 | D:4      | Reached skill level 8 in Axes
  2567 | D:4      | Reached XP level 6. HP: 49/51 MP: 6/6
  2599 | D:4      | Noticed a phantom
  2623 | D:4      | Killed a phantom
  2745 | D:4      | Reached skill level 9 in Axes
  2929 | D:4      | Found Vonyn's General Store.
  3035 | D:4      | Paralysed by a giant eyeball for 2 turns
  3039 | D:4      | Paralysed by a giant eyeball for 2 turns
  3042 | D:4      | Paralysed by a giant eyeball for 4 turns
  3111 | D:4      | Noticed an ogre
  3119 | D:4      | Killed an ogre
  3119 | D:4      | Reached XP level 7. HP: 40/57 MP: 7/7
  3510 | D:5      | Entered Level 5 of the Dungeon
  3516 | D:5      | Reached skill level 10 in Axes
  3650 | D:5      | Found a staircase to the Ecumenical Temple.
  3660 | Temple   | Entered the Ecumenical Temple
  3678 | Temple   | Became a worshipper of Warmaster Okawaru
  3726 | D:5      | Found a sand-covered staircase.
  3740 | Ossuary  | Entered an ossuary
  3760 | Ossuary  | Reached skill level 11 in Axes
  3964 | D:5      | Reached XP level 8. HP: 52/64 MP: 8/8
  4177 | D:5      | Found a glowing drain.
  4185 | Sewer    | Entered a sewer
  4654 | Sewer    | Paralysed by a potion of paralysis for 4 turns
  4844 | D:5      | Reached skill level 12 in Axes
  5355 | D:6      | Acquired Okawaru's first power
  5535 | D:6      | Found a basalt altar of Yredelemnul.
  5541 | D:6      | Reached skill level 13 in Axes
  6085 | D:7      | Found a burning altar of Makhleb.
  6086 | D:7      | Found a deep blue altar of Sif Muna.
  6088 | D:7      | Found a bloodstained altar of Trog.
  6090 | D:7      | Found a sparkling altar of Nemelex Xobeh.
  6090 | D:7      | Found a white marble altar of Elyvilon.
  6359 | D:7      | Found a snail-covered altar of Cheibriados.
  6359 | D:7      | Found a blossoming altar of Fedhas.
  6402 | D:7      | Reached skill level 14 in Axes
  6402 | D:7      | Reached XP level 9. HP: 66/66 MP: 9/9
  6500 | D:7      | Noticed Pikel
  6518 | D:7      | Killed Pikel
  6701 | D:7      | Noticed Edmund
  6709 | D:7      | Killed Edmund
  6709 | D:7      | Reached skill level 15 in Axes
  7479 | D:8      | Reached skill level 16 in Axes
  8401 | D:8      | Reached XP level 10. HP: 70/73 MP: 10/10
  8659 | D:8      | Reached skill level 17 in Axes
  8852 | D:9      | HP: 2/73 [trapdoor spider (6)]
  9274 | D:9      | Got a pair of encrusted boots
  9277 | D:9      | Identified the +0 pair of boots of Quantum Leap {Str+2 Dex-2} (You found it on level 9 of the Dungeon)
  9540 | D:9      | Got a warped iron ring
  9582 | D:10     | Entered Level 10 of the Dungeon
  9646 | D:10     | Reached skill level 18 in Axes
 10134 | D:10     | Paralysed by a giant eyeball for 4 turns
 10207 | D:10     | Reached skill level 19 in Axes
 10276 | D:10     | Acquired Okawaru's second power
 10577 | D:10     | Reached XP level 11. HP: 65/78 MP: 11/11
 10692 | D:10     | Found a staircase to the Orcish Mines.
 11266 | D:11     | Found a staircase to the Lair.
 11511 | D:11     | Reached skill level 20 in Axes
 11673 | D:11     | Noticed a hill giant
 11864 | D:11     | Killed a hill giant
 11883 | D:11     | Noticed a hill giant
 11896 | D:11     | Killed a hill giant
 11896 | D:11     | Received a gift from Okawaru
 11903 | D:11     | Got a bone executioner's axe {god gift}
 11911 | D:11     | Identified the +6,+1 executioner's axe of the Shore {chop, rPois rF+} (Okawaru gifted it to you on level 11 of the Dungeon)
 11932 | D:11     | Noticed a hill giant
 11935 | D:11     | Killed a hill giant
 12094 | D:11     | Identified the ring of the Sky {EV+3 Int+3} (You found it on level 9 of the Dungeon)
 12281 | D:11     | Reached skill level 21 in Axes
 12527 | D:11     | Noticed a hill giant
 12535 | D:11     | Killed a hill giant
 12639 | D:11     | Found Jiqiac's Antique Armour Shoppe.
 12676 | D:12     | Noticed a seven-headed hydra
 12693 | D:11     | Reached XP level 12. HP: 68/86 MP: 12/12
 13067 | Lair:1   | Entered Level 1 of the Lair of Beasts
 13416 | Lair:1   | Reached skill level 22 in Axes
 13590 | Lair:1   | Received a gift from Okawaru
 14856 | Lair:2   | Reached skill level 23 in Axes
 15878 | Lair:3   | Got a smoking battleaxe
 16084 | Lair:3   | Identified the +10,+8 battleaxe of Indomitability {speed, Int+4} (You found it on level 3 of the Lair of Beasts)
 16194 | Lair:3   | Received a gift from Okawaru
 16290 | Lair:3   | Found a staircase to the Swamp.
 17163 | Lair:4   | Got a vibrating copper amulet
 17218 | Lair:4   | Found a hole to the Spider Nest.
 17245 | Lair:4   | Reached skill level 24 in Axes
 17246 | Lair:4   | Reached XP level 13. HP: 51/91 MP: 13/13
 18119 | Lair:4   | Reached skill level 1 in Evocations
 18730 | Lair:5   | Received a gift from Okawaru
 19123 | Lair:6   | Reached skill level 5 in Fighting
 19419 | Lair:6   | Reached skill level 5 in Armour
 19716 | Lair:7   | Found a labyrinth entrance.
 19739 | Lab      | Entered a labyrinth
 20085 | Lab      | Noticed a minotaur
 20093 | Lab      | Killed a minotaur
 20247 | Lab      | Identified the amulet "Itonol" {Clar Dex+3} (You found it on level 4 of the Lair of Beasts)
 20362 | Lair:7   | Noticed Harold
 20376 | Lair:7   | Killed Harold
 20442 | Lair:7   | Reached skill level 5 in Evocations
 20912 | Lair:7   | Received a gift from Okawaru
 20929 | Lair:7   | Reached XP level 14. HP: 73/110 MP: 23/23
 21716 | Lair:8   | Entered Level 8 of the Lair of Beasts
 22700 | Lair:8   | Found a staircase to the Slime Pits.
 22832 | Lair:8   | Received a gift from Okawaru
 24136 | Orc:1    | Entered Level 1 of the Orcish Mines
 24281 | Orc:1    | Found a frozen archway.
 24567 | IceCv    | Entered an ice cave
 24700 | IceCv    | Reached skill level 10 in Fighting
 25009 | IceCv    | Noticed a frost giant
 25018 | IceCv    | Received a gift from Okawaru
 25656 | IceCv    | Killed a frost giant
 26140 | Orc:2    | Found Nele's General Store.
 26406 | Orc:3    | Noticed TZer0's ghost (powerful HEWz)
 26406 | Orc:3    | Found a staircase to the Elven Halls.
 26414 | Orc:3    | Killed TZer0's ghost
 26414 | Orc:3    | Reached XP level 15. HP: 120/125 MP: 27/27
 26696 | Orc:3    | Found a roughly hewn altar of Beogh.
 27110 | Orc:4    | Entered Level 4 of the Orcish Mines
 27123 | Orc:4    | Reached skill level 10 in Armour
 27465 | Orc:4    | Found a roughly hewn altar of Beogh.
 27745 | Orc:4    | Noticed Gastronok
 27762 | Orc:4    | Killed Gastronok
 27988 | Orc:4    | Found Grungara's General Store.
 28016 | Orc:4    | Bought a potion of poison for 16 gold pieces
 28017 | Orc:4    | Gained mutation: You have a pair of small antennae on your head. [potion of beneficial mutation]
 28024 | Orc:4    | Found a roughly hewn altar of Beogh.
 28174 | Orc:4    | Found Churph's Magic Scroll Shop.
 28174 | Orc:4    | Found Lairioczo's Magic Scroll Emporium.
 28174 | Orc:4    | Found Ugyin's Jewellery Emporium.
 28174 | Orc:4    | Found Stethyro's Weapon Boutique.
 28249 | Orc:4    | Reached skill level 10 in Evocations
 29132 | D:12     | Killed a 11-headed hydra
 29733 | D:13     | Noticed Sonja
 29747 | D:13     | Killed Sonja
 29810 | D:13     | Received a gift from Okawaru
 30360 | D:13     | Noticed Urug
 30365 | D:13     | Killed Urug
 30864 | D:14     | Noticed Maud
 30881 | D:14     | Killed Maud
 31087 | D:14     | Found an iron altar of Okawaru.
 31482 | D:14     | Reached skill level 1 in Invocations
 31845 | D:14     | Reached skill level 5 in Invocations
 32065 | D:14     | Found a gate to the Vaults.
 32576 | D:15     | Entered Level 15 of the Dungeon
 32583 | D:15     | Reached XP level 16. HP: 123/136 MP: 29/29
 32780 | D:15     | Found a blossoming altar of Fedhas.
 33323 | D:15     | Received a gift from Okawaru
 33557 | D:15     | Reached skill level 10 in Invocations
 33988 | D:15     | Found a staircase to the Depths.
 34921 | Lair:2   | Learned a level 1 spell: Apportation
 34924 | Lair:2   | Learned a level 2 spell: Blink
 34927 | Lair:2   | Learned a level 2 spell: Swiftness
 34930 | Lair:2   | Learned a level 2 spell: Repel Missiles
 34978 | Swamp:1  | Entered Level 1 of the Swamp
 35383 | Swamp:1  | Reached skill level 1 in Dodging
 35398 | Swamp:1  | HP: 2/138 [necromancer/bolt of negative energy (19)]
 35401 | Swamp:1  | Killed from afar by a bog body

Action                   |  1- 3 |  4- 6 |  7- 9 | 10-12 | 13-15 | 16-18 || total
-------------------------+-------+-------+-------+-------+-------+-------++-------
Melee: War axe           |   141 |   185 |   625 |    99 |       |       ||  1050
       Hand axe          |       |       |       |   485 |       |       ||   485
       Executioner's axe |       |       |       |   296 |       |       ||   296
       Battleaxe         |       |       |       |   115 |  1322 |   221 ||  1658
Invok: Heroism           |       |       |     2 |     6 |    10 |       ||    18
       Finesse           |       |       |       |       |     1 |       ||     1
 Abil: Evoke Teleport Co |       |       |     1 |       |       |       ||     1
Evoke: Wand              |       |       |     2 |     7 |    10 |     4 ||    23
  Use: Potion            |       |     1 |     7 |     9 |    13 |     5 ||    35
       Scroll            |       |       |    18 |     9 |     9 |     4 ||    40
